AoeStats
← dashuaibi

Black Forest

507465992Analyzed
4v4 RM · 15d ago on Sep 18, 2026· 35m 56s· 8 players
Game mode
Random Map
Map size
Large (8 player)
Population
200
Speed
Normal
Resources
Standard
Victory
Conquest
Starting age
Dark Age
Ending age
Imperial Age
RankedLock teamsTeams togetherTeam positionsShared explorationLock speedFull tech treeHidden civsTurbo modeCheats
Victory
Defeat
🇨🇳 Italians · China
1461
+13
🇫🇷 Khmer · France
1438
+14
🇪🇸 Turks · Spain
1421
+14
🇨🇳 Lithuanians · China
1399
+16
🇨🇳 Celts · China
1404
-15
🇦🇷 Burmese · Argentina
1387
-14
🇨🇳 Mongols · China
1377
-14
1376
-14
[BadStart] The Shadow
1:29 Loom
11:18 Feudal Age
15:16 Castle Age
14:27 Gold Mining
14:58 Fishing Lines
18:49 Sanctity
18:26 Gillnets
20:32 Fervor
20:19 Horse Collar
28:30 Imperial Age
28:18 Wheelbarrow
28:42 Gold Shaft Mining
28:31 Redemption
28:18 Stone Mining
30:15 Chemistry
29:17 Heavy Plow
29:49 Masonry
29:59 Block Printing
30:47 Illumination
30:47 Redemption
31:44 Ballistics
33:50 Theocracy
36:08 Hand Cart
dashuaibi
13:37 Feudal Age
12:06 Loom
13:52 Feudal Age
17:57 Castle Age
15:45 Fishing Lines
16:16 Double-Bit Axe
16:13 Horse Collar
17:07 Stone Mining
21:12 Bow Saw
22:05 Gillnets
24:15 Heavy Plow
24:09 Gold Mining
25:47 Wheelbarrow
26:00 Gold Shaft Mining
26:01 Stone Shaft Mining
26:44 Stone Shaft Mining
29:52 Imperial Age
28:04 Hand Cart
27:34 Town Watch
28:47 Ballistics
28:21 Fletching
28:32 Padded Archer Armor
29:15 Bodkin Arrow
29:26 Scale Barding Armor
30:05 Masonry
30:40 Leather Archer Armor
30:48 Thumb Ring
31:09 Parthian Tactics
32:24 Chemistry
32:04 Bracer
32:47 Conscription
34:36 Chain Barding Armor
34:21 Husbandry
34:15 Elite Mangudai
35:30 Hoardings
36:16 Siege Engineers
36:22 Fortified Wall
苏东坡的粉丝
0:51 Loom
14:29 Feudal Age
19:59 Castle Age
18:31 Double-Bit Axe
18:29 Horse Collar
18:33 Fishing Lines
19:22 Gold Mining
23:34 Bow Saw
23:28 Heavy Plow
31:44 Imperial Age
30:16 Fortified Wall
30:49 Ballistics
31:18 Wheelbarrow
31:20 Gold Shaft Mining
30:36 Stone Mining
31:12 Town Watch
32:41 Onager
菜B老外输了就骂
10:55 Feudal Age
11:37 Double-Bit Axe
16:16 Castle Age
15:59 Wheelbarrow
17:26 Bow Saw
18:30 Fishing Lines
19:31 Fervor
19:32 Gillnets
19:53 Loom
21:31 Horse Collar
21:40 Treadmill Crane
22:44 Heavy Plow
25:22 Town Watch
25:57 Hand Cart
30:25 Imperial Age
29:15 Chemistry
29:01 Pikeman
29:42 Squires
29:27 Arson
30:22 Scale Mail Armor
30:33 Forging
30:37 Halberdier
31:35 Chain Mail Armor
31:50 Conscription
32:35 Guilds
31:56 Houfnice
[VPKT] Semita
0:49 Loom
16:20 Feudal Age
20:12 Castle Age
26:14 Imperial Age
25:09 Double-Bit Axe
25:57 Horse Collar
Tournevis à clou
12:04 Feudal Age
15:37 Castle Age
13:55 Double-Bit Axe
14:20 Horse Collar
18:36 Loom
24:09 Wheelbarrow
24:03 Stone Mining
24:43 Gold Mining
25:12 Town Watch
26:08 Gold Shaft Mining
30:07 Imperial Age
28:16 Forging
28:11 Scale Barding Armor
28:55 Tusk Swords
29:35 Iron Casting
29:07 Heavy Plow
30:00 Husbandry
30:11 Bloodlines
30:32 Chain Barding Armor
30:12 Elite Battle Elephant
31:56 Blast Furnace
32:01 Conscription
32:43 Plate Barding Armor
32:13 Devotion
acyhjujaxuzjkt
0:27 Loom
11:35 Feudal Age
15:55 Castle Age
13:57 Double-Bit Axe
14:28 Horse Collar
26:58 Imperial Age
24:45 Fletching
24:56 Padded Archer Armor
25:47 Ballistics
25:29 Bodkin Arrow
27:02 Bow Saw
27:37 Wheelbarrow
28:40 Chemistry
28:20 Gold Mining
30:06 Bracer
32:02 Leather Archer Armor
33:32 Conscription
34:47 Thumb Ring
35:34 Elite Genoese Crossbowman
给你一棒槌
11:44 Feudal Age
16:09 Castle Age
14:09 Double-Bit Axe
14:27 Fishing Lines
17:07 Bow Saw
17:15 Gillnets
18:44 Wheelbarrow
19:43 Horse Collar
20:51 Heavy Plow
22:25 Gold Mining
24:12 Stone Mining
25:17 Hand Cart
25:39 Treadmill Crane
29:15 Imperial Age
26:32 Town Watch
26:32 Loom
27:25 Scale Barding Armor
27:30 Forging
28:26 Bloodlines
28:17 Husbandry
29:12 Stone Shaft Mining
29:27 Elite Leitis
30:40 Conscription
31:14 Iron Casting
31:03 Chain Barding Armor
31:25 Guilds
32:44 Two-Man Saw
32:25 Crop Rotation
33:02 Plate Barding Armor
34:06 Fletching
34:58 Ballistics
34:59 Bodkin Arrow
35:43 Masonry
36:10 Hoardings
36:59 Chemistry
Connection lost

Rejoining the realm…

Still unreachable

The connection could not be restored.

Session expired

The server has moved on; the page needs a fresh start.